 Dungeon Crawl Stone Soup version 0.31-a0-435-g2c6fae2916 (webtiles) character file.

Game seed: 9499991443642537855

821 bmack86 the Cleaver (level 7, 0/57 HPs)
             Began as a Minotaur Fighter on Aug 1, 2023.
             Slain by Prince Ribbit (6 damage)
             ... on level 5 of the Dungeon.
             The game lasted 00:09:06 (4185 turns).

bmack86 the Cleaver (Minotaur Fighter)              Turns: 4185, Time: 00:09:06

Health: 0/57       AC:  9    Str: 29    XL:     7   Next: 63%
Magic:  6/6        EV:  8    Int:  5    God:
Gold:   287        SH:  4    Dex:  9    Spells: 6/6 levels left

rFire   . . .        a - +0 war axe
rCold   . . .        c - +0 buckler
rNeg    . . .        v - +0 chain mail
rPois   .            (helmet restricted)
rElec   .            (no cloak)
rCorr   .            (no gloves)
SInv    +            (no boots)
Will    .....        (no amulet) Stlth
                     q - ring of see invisible
HPRegen 0.29/turn    w - +6 ring of strength
MPRegen 0.10/turn

%: no passive effects
@: mighty
A: horns 2, retaliatory headbutt
a: no special abilities


You were on level 5 of the Dungeon.
You visited 1 branch of the dungeon, and saw 5 of its levels.

You collected 287 gold pieces.

Inventory:

Hand Weapons
 a - a +0 war axe (weapon)
Missiles
 f - 5 boomerangs (quivered)
Armour
 b - a +0 scale mail
 c - a +0 buckler (worn)
 v - a +0 chain mail (worn)
Jewellery
 h - a +6 ring of intelligence
 q - a ring of see invisible (left hand)
 u - a ring of ice
 w - a +6 ring of strength (right hand)
 y - a ring of flight
Scrolls
 i - a scroll of enchant weapon {unknown}
 j - a scroll of teleportation {unknown}
 k - a scroll of revelation {unknown}
 o - 2 scrolls of identify {unknown}
 x - a scroll of butterflies {unknown}
 A - a scroll of enchant armour {unknown}
Potions
 e - 2 potions of attraction {unknown}
 g - a potion of lignification {unknown}
 l - 4 potions of curing {unknown}
 m - a potion of heal wounds {unknown}
 n - a potion of mutation {unknown}
 p - 3 potions of haste {unknown}
 r - a potion of magic {unknown}
 s - a potion of berserk rage {unknown}
 t - a potion of invisibility {unknown}
 z - a potion of enlightenment {unknown}


   Skills:
 - Level 3.6 Fighting
 + Level 10.6 Axes
 - Level 3.6 Armour
 - Level 3.6 Shields


You had 6 spell levels left.
You didn't know any spells.
Your spell library contained the following spells:

 Spells                   Type           Power      Damage    Failure   Level
 Sting                    Tmut/Pois      0%         1d3       95%         1
 Lesser Beckoning         Tloc           0%         N/A       99%         2
 Poisonous Vapours        Pois/Air       0%         N/A       99%         2
 Static Discharge         Conj/Air       0%         2-2/arc   99%         2
 Frozen Ramparts          Ice            0%         1d1       100%        3
 Gell's Gravitas          Tloc           0%         N/A       100%        3
 Ozocubu's Armour         Ice            0%         N/A       100%        3
 Summon Guardian Golem    Hex/Summ       0%         N/A       100%        3
 Teleport Other           Tloc           0%         N/A       100%        3
 Volatile Blastmotes      Fire/Tloc      0%         2d10      100%        3
 Airstrike                Air            0%         2d(0-16)  100%        4
 Fulminant Prism          Conj/Hex       0%         3d5       100%        4
 Iskenderun's Mystic Bla  Conj/Tloc      0%         2d3       100%        4
 Manifold Assault         Tloc           0%         N/A       100%        4
 Olgreb's Toxic Radiance  Pois           0%         N/A       100%        4
 Petrify                  Tmut/Erth      0%         N/A       100%        4
 Summon Lightning Spire   Summ/Air       0%         N/A       100%        4
 Metabolic Englaciation   Hex/Ice        0%         N/A       100%        5
 Summon Forest            Summ/Tloc      0%         N/A       100%        5
 Summon Mana Viper        Hex/Summ       0%         N/A       100%        5
 Dispersal                Tloc           0%         N/A       100%        6
 Summon Cactus Giant      Summ           0%         N/A       100%        6
 Orb of Destruction       Conj           0%         9d5       100%        7
 Spellforged Servitor     Conj/Summ      0%         N/A       100%        7


Dungeon Overview and Level Annotations

Branches:
Dungeon (5/15)
 Temple: D:4-7

Altars:
Cheibriados
Hepliaklqana

Shops:
D:4 (

Annotations:
D:5 Prince Ribbit


Innate Abilities, Weirdness & Mutations

You have a pair of horns on your head.
You reflexively headbutt those who attack you in melee.


Message History

Found an escape hatch in the floor.
There is an open door here.
Found a ring mail.
You now have 287 gold pieces (gained 5).
You open the door. You open the door.
There is an open door here.
Found 6 stones.
Found a stone.
Prince Ribbit comes into view.
Prince Ribbit croaks.
Prince Ribbit croaks regally.
Prince Ribbit hits you!
You barely miss Prince Ribbit. Prince Ribbit hits you!
Prince Ribbit barely misses you.
You barely miss Prince Ribbit. Prince Ribbit hits you!
You hit Prince Ribbit.
Prince Ribbit is lightly wounded.
Prince Ribbit barely misses you. You furiously retaliate!
You headbutt Prince Ribbit. You closely miss Prince Ribbit.
Your headbutt misses Prince Ribbit.
Prince Ribbit is lightly wounded.
You block Prince Ribbit's attack.
Prince Ribbit croaks regally.
Prince Ribbit hits you.
You barely miss Prince Ribbit.
Prince Ribbit is lightly wounded.
Prince Ribbit closely misses you.
You barely miss Prince Ribbit.
Prince Ribbit is lightly wounded.
Prince Ribbit hits you!
* * * LOW HITPOINT WARNING * * *
You feel very mighty all of a sudden. Prince Ribbit barely misses you.
You furiously retaliate!
You headbutt Prince Ribbit! Prince Ribbit hits you.
* * * LOW HITPOINT WARNING * * *
You closely miss Prince Ribbit. Your headbutt misses Prince Ribbit.
Prince Ribbit is heavily wounded.
Prince Ribbit hits you.
You die...

...... #.#.#
...... #.#.#
..(... #.#.#
......##### #.#.#
........(. #.#.#
###......####.#.#
................#
................#
.##....@.####..##
#...)F.# #.##
##.....# #.#
#.....# ..#
#...... ...
#...........
#.....#####.
####...


You could see Prince Ribbit.

Vanquished Creatures
  Sigmund (D:2)
  Eustachio (D:4)
  A scorpion (D:4)
  A gnoll bouda (D:4)
  A hound (D:5)
  An orc priest (D:4)
  Natasha (thrice) (D:4)
  2 iguanas (D:4)
  2 orc wizards (D:4)
  Robin (D:4)
  4 gnolls (D:4)
  3 adders
  A worm (D:3)
  5 dart slugs
  12 orcs
  6 bats
  5 endoplasms
  3 giant cockroaches
  18 goblins
  11 hobgoblins
  2 jackals (D:1)
  4 quokkas
  4 ball pythons
  2 frilled lizards (D:1)
  7 kobolds
  5 rats
106 creatures vanquished.

Notes
Turn   | Place    | Note
-------+----------+-------------------------------------------
     0 | D:1      | bmack86 the Minotaur Fighter began the quest for the Orb.
     0 | D:1      | Reached XP level 1. HP: 19/19 MP: 0/0
    71 | D:1      | Reached skill level 3 in Axes
   176 | D:1      | Reached XP level 2. HP: 25/26 MP: 1/1
   562 | D:1      | Found a hazy altar of Hepliaklqana.
   578 | D:1      | Reached skill level 4 in Axes
   600 | D:1      | Got the Parchment of the Hidden Heavens
   753 | D:1      | Reached XP level 3. HP: 31/31 MP: 2/2
  1498 | D:2      | Noticed Sigmund
  1512 | D:2      | Reached skill level 5 in Axes
  1711 | D:2      | Killed Sigmund
  1712 | D:2      | Reached skill level 7 in Axes
  1712 | D:2      | Reached XP level 4. HP: 39/39 MP: 3/3
  1712 | D:2      | Reached XP level 5. HP: 45/45 MP: 4/4
  2749 | D:4      | Reached XP level 6. HP: 31/51 MP: 5/5
  2813 | D:4      | Reached skill level 8 in Axes
  2931 | D:4      | Found Leph's Weapon Boutique.
  3064 | D:4      | Noticed Eustachio
  3073 | D:4      | Killed Eustachio
  3074 | D:4      | Reached skill level 9 in Axes
  3074 | D:4      | Reached XP level 7. HP: 51/57 MP: 6/6
  3203 | D:4      | Noticed Natasha
  3210 | D:4      | Killed Natasha
  3348 | D:4      | Identified the +1 ring mail of Theory {rF+ rC+ Will+}
  3419 | D:4      | Identified the +0 helmet "Amu Radib" {rCorr Str-3 Int+4}
  3419 | D:4      | Noticed Robin
  3435 | D:4      | Killed Robin
  3451 | D:4      | Reached skill level 10 in Axes
  3680 | D:4      | Noticed Natasha
  3686 | D:4      | Killed Natasha
  3802 | D:4      | Noticed Natasha
  3807 | D:4      | Killed Natasha
  3948 | D:5      | Entered Level 5 of the Dungeon
  3993 | D:5      | Found a snail-covered altar of Cheibriados.
  4175 | D:5      | Noticed Prince Ribbit
  4185 | D:5      | Slain by Prince Ribbit

Illustrated notes

Levels and vault maps discovered:
D:1:      dpeg_arrival_erosion, layout_basic, moated_statue, serial_park_tiny_2,
          minmay_hexomino_r4
D:2:      layout_basic, uniq_crazy_yiuf_cottage, uniq_sigmund
D:3:      layout_rooms
D:4:      layout_basic, serial_shops, shop, serial_park_tiny_1,
          minmay_misc_feat_roman, st_stairs_5, uniq_eustachio, uniq_natasha,
          uniq_robin
D:5:      layout_basic, mainiacjoe_overflow_concentric_impassable,
          ebering_ghost_sewer_d, mrwooster_statue_mirror, abandoned_shop,
          uniq_prince_ribbit1

Skill      XL: |  1  2  3  4  5  6  7 |
---------------+----------------------+-----
Axes           | 3 4 7 9 10 | 10.6
Fighting       | |  3.6
Armour         | |  3.6
Shields        | |  3.6

Action                     |  1- 3 |  4- 6 |  7- 9 || total
---------------------------+-------+-------+-------++-------
  Melee: War axe           |    86 |    81 |    61 ||   228
         Headbutt          |     8 |    12 |     8 ||    28
  Throw: Boomerang         |     3 |       |       ||     3
    Use: Potion            |       |       |     1 ||     1
 Armour: Scale mail        |    42 |    10 |       ||    52
         Chain mail        |       |    25 |    35 ||    60
  Dodge: Dodged            |    38 |    30 |    19 ||    87
  Block: Buckler           |    15 |    24 |     7 ||    46

Table legend: (Time is in decaauts)
 A = Elapsed time spent in this place.
 B = Non-inter-level travel time spent in this place.
 C = Inter-level travel time spent in this place.
 D = Time resting spent in this place.
 E = Time spent auto-exploring this place.
 F = Levels seen in this place.
 G = Mean time per level.
                   A        B        C        D        E       F      G
               +--------+--------+--------+--------+--------+-----+--------+
         Total |   4227 |   4043 |    184 |    143 |   2907 |   5 |  845.4 |
       Dungeon |   4227 |   4043 |    184 |    143 |   2907 |   5 |  845.4 |
               +--------+--------+--------+--------+--------+-----+--------+

Top non-repeatable levels by time:
     D:4: 1219 daAuts
     D:1: 1127 daAuts
     D:2: 1054 daAuts
     D:3: 589 daAuts
     D:5: 236 daAuts
